Map: Para Site LE

Players

Kallestål - Winner!

  • Race: Terran Terran
  • Spawn Location: 11:00

MiniYume

  • Race: Terran Terran
  • League: Gold
  • Spawn Location: 5:00

VOD

Have the link to the VOD?

Description

prior to this game I (unintentionally) lost about 50 games (that's no overexaggeration) so it might seem a bit unfair.

Time

  • Played on: Sept. 8, 2018, 7:51 p.m.
  • Length: 25:24
Show
View Real Time Build Order
Export as new Build Order

Kallestål Terran - Winner!

Build Orders: Command Center First (CC) 

Get SALT Encoding   

  12  0:00  SCV  
  13  0:12  SCV  
  14  0:17  Supply Depot  
  14  0:25  SCV  
  15  0:39  SCV  
  16  0:51  SCV  
  17  1:00  Command Center  
  17  1:03  SCV  
  18  1:08  Refinery  
  18  1:15  Refinery  
  18  1:23  Barracks  
  17  1:48  Engineering Bay  
  17  1:49  SCV  
  18  2:01  SCV  
  19  2:13  SCV  
  19  2:15  Factory  
  20  2:25  SCV  
  21  2:37  SCV  
  21  2:38  Ghost Academy  
  22  2:46  Refinery  
  22  2:49  SCV  
  22  2:51  Planetary Fortress  
  23  3:01  SCV  
  24  3:07  Barracks Tech Lab  
  24  3:14  SCV  
  24  3:18  Refinery  
  25  3:22  Personal Cloaking  
  26  3:30  Orbital Command  
  26  3:33  SCV  
  26  3:46  SCV  
  27  3:53  Starport  
  27  3:59  Missile Turret  
  27  4:02  Ghost  
  27  4:07  SCV  
  30  4:17  SCV  
  30  4:19  SCV  
  32  4:32  SCV x2  
  34  4:39  Starport Reactor  
  34  4:45  SCV x2, Barracks  
  36  4:48  Nuke  
  36  4:55  Missile Turret  
  36  4:57  SCV x2  
  36  4:58  Missile Turret  
  38  5:05  Ghost  
  38  5:06  Supply Depot  
  40  5:09  SCV x2  
  40  5:10  Liberator  
  42  5:17  Medivac  
  44  5:22  SCV  
  44  5:24  SCV  
  49  5:34  Ghost Academy, SCV  
  50  5:39  Supply Depot, Barracks Tech Lab  
  50  5:43  Terran Infantry Weapons Level 1  
  50  5:44  SCV  
  51  6:00  SCV x2  
  53  6:07  Nuke  
  53  6:12  SCV  
  53  6:17  Liberator  
  54  6:23  SCV  
  54  6:24  SCV  
  56  6:30  Command Center, Ghost  
  58  6:35  SCV  
  62  7:14  Liberator, Ghost  
  58  7:38  SCV  
  58  7:43  Fusion Core  
  59  7:50  Bunker, SCV  
  60  7:51  Ghost x2  
  60  7:54  Terran Infantry Armor Level 1  
  60  7:57  Armory  
  64  8:00  SCV  
  64  8:02  SCV  
  66  8:12  SCV  
  67  8:15  Refinery  
  67  8:16  Refinery, Starport  
  67  8:20  Starport, SCV  
  67  8:23  Starport, Ghost x2  
  67  8:24  SCV  
  73  8:27  Nuke  
  73  8:29  Nuke  
  73  8:52  Starport Tech Lab  
  73  8:54  Command Center  
  73  8:56  Starport Tech Lab  
  73  9:02  Planetary Fortress  
  73  9:04  Ghost x2  
  77  9:12  Starport Tech Lab  
  77  9:13  Command Center  
  77  9:29  Supply Depot  
  77  9:33  Supply Depot  
  77  9:35  Supply Depot x2  
  77  9:40  SCV x2  
  77  9:41  Battlecruiser  
  85  9:50  Ghost x2  
  89  9:52  Ghost Academy  
  89  9:55  Terran Infantry Weapons Level 2  
  89  9:58  Command Center  
  89  9:59  Engineering Bay  
  89  10:02  Command Center  
  89  10:08  Missile Turret, SCV x3  
  92  10:14  Planetary Fortress  
  92  10:15  Refinery  
  92  10:23  SCV x2  
  92  10:24  SCV  
  92  10:25  Ghost  
  97  10:36  Battlecruiser  
  97  10:39  Nuke  
  97  10:40  SCV  
  97  10:41  SCV  
  105  10:46  SCV x2  
  107  10:52  SCV  
  107  10:53  SCV  
  109  10:58  SCV x2  
  111  11:04  SCV  
  112  11:14  Planetary Fortress  
  112  11:24  Missile Turret  
  106  11:44  Missile Turret, SCV x3  
  106  11:45  Planetary Fortress  
  109  11:48  Planetary Fortress  
  109  11:52  SCV  
  110  11:54  Battlecruiser x3  
  110  11:55  Ghost  
  110  11:56  SCV x2  
  132  12:06  Terran Vehicle And Ship Armor Level 1  
  132  12:12  Armory  
  132  12:17  SCV  
  132  12:18  Refinery, SCV x3  
  136  12:25  SCV  
  136  12:26  Refinery  
  136  12:28  SCV  
  138  12:30  SCV  
  138  12:34  Terran Infantry Armor Level 2, Terran Infantry Weapons Level 3  
  138  12:35  Supply Depot  
  138  12:36  Refinery  
  139  12:37  SCV  
  139  12:40  SCV  
  139  12:42  SCV  
  142  12:51  SCV x4  
  142  12:52  Refinery, SCV  
  142  12:54  Ghost Academy  
  142  12:55  Refinery  
  142  12:58  Supply Depot  
  148  13:03  SCV x3  
  145  13:24  Ghost Academy  
  157  13:27  Battlecruiser x2  
  157  13:48  Terran Ship Weapons Level 1  
  157  13:49  Ghost  
  159  13:57  SCV x3, Barracks  
  162  14:12  SCV x2  
  162  14:14  Battlecruiser  
  136  14:26  Nuke x2  
  136  14:27  Nuke  
  136  14:29  Nuke  
  136  14:30  Nuke  
  136  14:31  Battlecruiser, Ghost x2  
  142  14:35  Battlecruiser  
  146  14:46  Barracks  
  146  14:50  Hi-Sec Auto Tracking  
  146  14:59  Refinery, Ghost  
  146  15:01  Command Center  
  146  15:02  Terran Vehicle And Ship Armor Level 2  
  146  15:03  Weapon Refit  
  146  15:04  Refinery  
  148  15:10  Neosteel Frame  
  148  15:13  Refinery, Command Center  
  148  15:15  Refinery  
  148  15:18  Battlecruiser  
  148  15:21  Command Center  
  154  15:22  Refinery  
  154  15:24  Refinery  
  154  15:30  Refinery  
  154  15:31  Command Center  
  154  15:32  Refinery  
  154  15:34  Barracks  
  160  15:35  Battlecruiser  
  160  15:49  Ghost  
  162  15:54  Barracks Tech Lab  
  162  15:57  Ghost  
  162  16:03  Barracks Tech Lab  
  158  16:05  SCV  
  158  16:06  SCV x2  
  161  16:13  Barracks, Battlecruiser  
  161  16:17  SCV x2, Ghost  
  161  16:18  SCV x2  
  173  16:21  Ghost  
  173  16:22  Barracks Tech Lab  
  173  16:25  Battlecruiser  
  181  16:26  Ghost  
  171  16:36  Terran Ship Weapons Level 2  
  171  16:39  Battlecruiser  
  163  16:46  Ghost  
  165  16:48  Ghost  
  165  16:49  Ghost x2  
  171  16:54  Ghost  
  173  17:02  Barracks  
  171  17:17  Battlecruiser  
  171  17:29  Battlecruiser  
  151  17:44  Battlecruiser  
  144  17:50  Barracks  
  144  18:01  Ghost x4  
  152  18:21  Battlecruiser  
  152  18:24  SCV x4  
  152  18:25  SCV  
  163  18:28  Barracks Tech Lab  
  163  18:33  Battlecruiser  
  167  18:35  Starport x2  
  167  18:48  Battlecruiser  
  173  19:11  Barracks Tech Lab x2  
  173  19:15  Starport Tech Lab x2  
  173  19:21  Barracks Tech Lab  
  173  19:22  Planetary Fortress  
  173  19:25  Battlecruiser  
  173  19:31  Ghost x6  
  179  19:32  Ghost  
  179  19:37  Battlecruiser  
  199  19:52  SCV  
  200  20:08  Planetary Fortress  
  200  20:11  Planetary Fortress  
  200  20:30  Starport  
  200  20:31  Starport x2  
  200  20:32  Starport  
  200  20:37  Barracks x2  
  200  20:38  Barracks  
  200  20:41  Barracks  
  200  21:13  Starport Tech Lab x2  
  200  21:14  Starport Tech Lab  
  200  21:23  Starport Tech Lab  
  200  21:34  Barracks Tech Lab x3  
  200  21:42  Barracks Tech Lab, Command Center  
  200  21:46  Nuke x2  
  200  21:47  Nuke x3  
  174  22:02  Battlecruiser x4  
  174  22:05  Ghost x4  
  194  22:23  Ghost x3  
  194  22:28  Ghost Academy  
  200  22:37  Ghost Academy x2  
  200  22:39  Ghost Academy  
  200  22:46  Ghost Academy  
  200  22:57  Refinery  
  200  22:58  Ghost Academy  
  200  23:04  Structure Armor  
  200  23:06  Nuke  
  200  23:08  Ghost Academy  
  200  23:12  Ghost Academy  
  200  23:15  Nuke x4  
  200  23:32  Planetary Fortress  
  200  23:48  Missile Turret  
  200  23:57  Refinery  
  200  24:07  Missile Turret  
  200  24:08  Missile Turret  
  194  24:13  Nuke x5  
  194  24:26  Missile Turret  
  194  24:28  Missile Turret  
  194  24:29  Nuke  
  194  24:30  Ghost  
  194  24:31  Ghost x2  
  194  24:49  Missile Turret  
  194  24:50  Missile Turret  
  194  25:10  Missile Turret  
  194  25:11  Missile Turret  
  194  25:15  Command Center  
Show
View Real Time Build Order
Export as new Build Order

MiniYume Terran 

Build Orders:  

Get SALT Encoding   

  12  0:01  SCV  
  13  0:13  SCV  
  14  0:17  Supply Depot  
  14  0:25  SCV  
  15  0:28  Refinery  
  15  0:39  SCV  
  16  0:46  Barracks  
  16  0:51  SCV  
  17  1:03  SCV  
  18  1:15  SCV  
  19  1:38  Factory  
  19  1:40  Marine  
  20  1:53  Orbital Command  
  20  2:01  Command Center  
  20  2:05  Marine  
  21  2:15  Refinery  
  21  2:18  Supply Depot  
  21  2:28  Factory Reactor  
  21  2:29  Marine  
  22  2:47  SCV, Marine  
  24  2:54  Starport  
  24  2:59  SCV  
  24  3:04  Supply Depot  
  24  3:05  Marine  
  26  3:12  Cyclone  
  29  3:22  Marine  
  29  3:24  Cyclone  
  33  3:33  Orbital Command  
  33  3:38  SCV  
  34  3:46  Marine  
  35  3:52  Cyclone  
  38  4:00  Cyclone  
  41  4:06  Marine  
  42  4:11  Medivac  
  42  4:13  SCV  
  42  4:16  SCV  
  46  4:27  Supply Depot  
  43  4:48  Factory Tech Lab  
  43  4:56  Barracks  
  43  4:58  Engineering Bay, Barracks  
  43  5:03  SCV x2  
  45  5:25  SCV  
  45  5:28  Siege Tank  
  49  5:35  Barracks Tech Lab  
  49  5:36  Terran Infantry Weapons Level 1  
  49  5:37  SCV  
  49  5:39  Missile Turret  
  50  5:43  Missile Turret  
  50  5:44  SCV  
  52  5:50  SCV  
  52  5:54  Command Center, Viking x2  
  52  5:56  SCV  
  52  5:57  Marine  
  57  5:59  Combat Shield  
  57  6:02  Barracks Reactor x2  
  58  6:06  SCV  
  58  6:08  SCV  
  60  6:14  Marine  
  61  6:19  Supply Depot  
  61  6:34  Supply Depot, SCV  
  62  6:41  Siege Tank, SCV  
  62  6:42  Supply Depot  
  62  6:43  Marine x2  
  62  6:44  Marine x2  
  70  6:55  SCV, Marine  
  72  7:01  Marine x2  
  72  7:02  Marine  
  62  7:20  Orbital Command  
  62  7:40  Marine  
  62  7:41  Marine x4  
  62  7:43  Medivac x2  
  71  7:46  Siege Tank  
  74  7:52  SCV x2  
  74  7:53  SCV  
  74  7:57  Refinery  
  74  7:58  Refinery, Marine x3  
  77  7:59  Marine x2  
  77  8:04  SCV  
  77  8:05  SCV  
  84  8:15  Stimpack  
  84  8:16  Marine x5  
  84  8:17  Orbital Command  
  84  8:18  Siege Tank  
  92  8:34  Marine x5  
  97  8:44  Missile Turret  
  97  8:51  Marine  
  98  8:56  Marine x3  
  101  9:03  Siege Tank, Marine  
  101  9:06  Supply Depot  
  105  9:10  Supply Depot, Terran Infantry Armor Level 1  
  105  9:16  Engineering Bay  
  105  9:22  Marine x5  
  110  9:28  Medivac x2  
  110  9:29  Supply Depot  
  114  9:35  Siege Tank  
  114  9:36  SCV x3  
  120  9:39  Marine x2  
  120  9:40  Marine x3  
  120  9:43  Armory  
  125  9:48  SCV x3  
  128  9:57  Missile Turret, Marine  
  129  10:00  Marine x4  
  133  10:08  Siege Tank  
  136  10:40  Siege Tank  
  139  10:48  Marine x2  
  141  10:57  Supply Depot  
  141  10:59  Supply Depot  
  141  11:01  Supply Depot x2  
  141  11:02  Marine x3  
  141  11:03  Medivac x2  
  148  11:06  Marine  
  148  11:08  Terran Infantry Weapons Level 2  
  148  11:09  Terran Infantry Armor Level 2  
  149  11:12  Siege Tank  
  149  11:15  Marine  
  153  11:20  Marine x2  
  140  11:44  Siege Tank, Viking x2  
  142  11:59  Marine x5  
  147  12:14  Viking x2  
  151  12:17  Marine x5  
  156  12:35  Barracks, Marine x5  
  156  12:36  Barracks  
  161  12:38  Command Center  
  161  12:44  Viking x2  
  165  12:52  Marine  
  165  12:53  Marine x4  
  162  13:10  Marine  
  162  13:11  Siege Tank, Marine x3  
  169  13:14  Viking  
  171  13:24  Barracks  
  171  13:26  Supply Depot  
  127  13:29  Marine  
  127  13:30  Marine x4  
  105  13:42  Viking  
  105  13:43  Siege Tank  
  105  13:44  Viking  
  105  13:47  Marine  
  105  13:48  Marine x4  
  117  13:50  Supply Depot  
  108  14:12  Viking  
  108  14:13  Supply Depot  
  108  14:14  Viking  
  108  14:16  Siege Tank  
  108  14:17  Supply Depot  
  82  14:26  Marine  
  82  14:27  Marine x4  
  83  14:42  Viking  
  83  14:43  Barracks Reactor x3  
  83  14:44  Marine, Viking  
  83  14:45  Marine x4  
  89  14:48  Siege Tank  
  95  14:53  SCV x3  
  98  15:02  Marine x2  
  98  15:03  Marine x3  
  98  15:05  SCV x3  
  106  15:12  Viking  
  106  15:13  Viking  
  110  15:17  SCV  
  110  15:20  Siege Tank, Marine x2  
  110  15:21  Marine x3  
  117  15:22  Orbital Command  
  117  15:24  SCV  
  117  15:25  SCV  
  121  15:29  SCV  
  121  15:30  Marine x6  
  128  15:38  Marine x2  
  128  15:39  Marine x3  
  128  15:42  Viking  
  135  15:43  Viking  
  135  15:48  Marine x6  
  141  15:55  Marine  
  141  15:56  Marine  
  132  16:06  Marine  
  132  16:07  Marine x8  
  141  16:12  Viking  
  141  16:13  Marine, Medivac  
  141  16:14  Marine  
  141  16:17  SCV x4  
  151  16:24  Marine  
  151  16:25  Marine x8  
  159  16:29  SCV  
  159  16:31  Marine x2  
  155  16:42  Marine, Medivac  
  155  16:43  Marine x8, Medivac  
  168  16:47  Siege Tank  
  168  16:49  Marine x2  
  173  17:00  Marine x2  
  150  17:19  Siege Tank  
  114  17:51  Siege Tank  
  103  17:58  Marine  
  103  17:59  Marine x10  
  112  18:11  Factory  
  112  18:12  Factory  
  112  18:15  Medivac x2  
  112  18:16  Marine  
  112  18:17  Marine  
  113  18:23  Siege Tank  
  107  18:39  Marine  
  107  18:40  Marine x10  
  118  18:45  Medivac x2  
  117  18:55  Siege Tank  
  117  18:57  Marine  
  117  18:58  Marine x10  
  131  19:15  Marine x6, Medivac  
  131  19:16  Marine x5  
  138  19:28  Siege Tank  
  137  19:33  Marine x2, Viking  
  136  19:45  Viking  
  130  19:55  Marine x7  
  130  19:56  Marine x4  
  141  20:00  Siege Tank  
  141  20:03  Viking  
  146  20:13  Marine  
  147  20:20  Orbital Command  
  147  20:24  Marine  
  147  20:25  Marine x2  
  147  20:28  Missile Turret x2  
  150  20:29  Bunker  
  150  20:32  Siege Tank  
  153  20:44  Terran Ship Weapons Level 1  
  153  20:46  Viking  
  155  20:53  Factory Tech Lab x2  
  151  21:19  Marine x9  
  151  21:20  Marine x2  
  162  21:36  Marine  
  162  21:37  Marine  
  156  21:56  Marine x4  
  107  22:08  Marine  
  107  22:09  Marine x6  
  107  22:14  Marine x4  
  77  22:26  Marine  
  77  22:27  Marine x6  
  84  22:32  Marine x2  
  86  22:49  Marine x2  
  86  22:50  Marine x9  
  97  23:07  Marine x2  
  97  23:08  Marine  
  100  23:25  Marine  
  100  23:26  Marine x10  
  111  23:40  Refinery  
  111  23:43  Refinery, Marine  
  111  23:44  Marine x10  
  122  23:54  Siege Tank  
Tags
 
Add a new tag
Caveats
  • Supply blocks, unpowered buildings, or Contaminate may cause inaccurate times.
  • Supply counts are checked every 10 seconds.